 Dungeon Crawl Stone Soup version 0.18-a0-1764-gf4ddf0b (webtiles) character file.

1743 Moloch the Grappler (level 8, -3/62 HPs)
             Began as a Demigod Fighter on Apr 13, 2016.
             Killed from afar by namelastname112's ghost (17 damage)
             ... with a bolt of negative energy
             ... on level 6 of the Dungeon.
             The game lasted 00:15:03 (6230 turns).

Moloch the Grappler (Demigod Fighter)               Turns: 6230, Time: 00:15:04

Health: -3/62      AC: 15    Str: 23    XL:     8   Next: 48%
Magic:  10/10      EV:  7    Int: 12    God:
Gold:   274        SH:  0    Dex: 15    Spells: 0 memorised, 7 levels left

rFire  . . .     SeeInvis .       - Unarmed
rCold  . . .     Gourm    +     H - +3 chain mail
rNeg   . . .     Faith    .     (no shield)
rPois  .         Spirit   .     (no helmet)
rElec  .         Dismiss  .     f - +0 cloak
rCorr  .         Reflect  .     m - +0 pair of gloves
SustAt +         Harm     .     (no boots)
MR     .....                    C - amulet of the gourmand
Stlth  ..........               (no ring)
                                y - +2 ring of protection

@: heavily drained, not resistant to hostile enchantments, extremely unstealthy
A: high mp 1, sustain attributes
a: no special abilities


You were on level 6 of the Dungeon.
You were not hungry.

You visited 1 branch of the dungeon, and saw 6 of its levels.

You collected 274 gold pieces.

Inventory:

Missiles
 i - 38 poisoned needles
Armour
 f - a +0 cloak (worn)
 m - a +0 pair of gloves (worn)
 H - a +3 chain mail (worn)
Jewellery
 y - a +2 ring of protection (left hand)
 C - an amulet of the gourmand (around neck)
Wands
 a - a wand of hasting (6/9)
 B - a wand of paralysis (1/24)
 F - a wand of polymorph (5/24)
Scrolls
 g - 3 scrolls of noise {unknown}
 h - 2 scrolls of remove curse {unknown}
 k - 3 scrolls of fear {unknown}
 n - 7 scrolls of teleportation
 o - a scroll of identify
 q - 3 scrolls of amnesia {unknown}
 s - 2 scrolls of fog {unknown}
 t - a scroll of recharging {unknown}
 v - 2 scrolls of enchant weapon {unknown}
 w - 3 scrolls of immolation {unknown}
 A - a scroll of random uselessness {unknown}
Potions
 c - 2 potions of might
 e - a potion of mutation
 l - 2 potions of agility
 r - a potion of flight
 u - 3 potions of lignification
 z - 3 potions of curing
 G - a potion of cure mutation
Miscellaneous
 D - a plain deck of defence {the Elixir}
Comestibles
 d - 4 bread rations
 j - a slice of pizza
 p - 2 meat rations
 x - 3 beef jerkies
 E - 8 chunks of flesh


   Skills:
 - Level 2.6(1.5) Fighting
 - Level 2.6(1.5) Armour
   Level 2.6(1.5) Shields
 + Level 10.4(9.1) Unarmed Combat


You had 7 spell levels left.
You didn't know any spells.

Dungeon Overview and Level Annotations

Branches:
Dungeon (6/15)
 Temple: D:4-7

Shops:
D:5 =

Annotations:
D:6 namelastname112's ghost, novice DrTm


Innate Abilities, Weirdness & Mutations

You have an increased reservoir of magic (+10% MP).
Your attributes are resistant to harm.


Message History

Namelastname112's ghost hits you but does no damage.
You closely miss namelastname112's ghost.
Namelastname112's ghost is heavily damaged.
Namelastname112's ghost hits you but does no damage.
You miss namelastname112's ghost.
Namelastname112's ghost is heavily damaged.
Namelastname112's ghost barely misses you.
You miss namelastname112's ghost.
Namelastname112's ghost is heavily damaged.
Namelastname112's ghost hits you but does no damage.
You closely miss namelastname112's ghost.
Namelastname112's ghost is heavily damaged.
Namelastname112's ghost breathes negative energy at you.
The bolt of negative energy hits you!
You feel drained.
* * * LOW HITPOINT WARNING * * *
You are too injured to fight recklessly!
You are too injured to fight recklessly!
Namelastname112's ghost breathes negative energy at you.
The bolt of negative energy hits you!
You feel drained.
You die...

#.# #....)...# # #.#
#####)#### #.# #[# #.#
#†#### #.# #....## ###.##
#.###.# ##..#.# #.# #.# #
####....#########.###.###
+.......@.W.......(.....'
####....##########...####
##.#.# ###.### # ###.#
#.....# #.# #....)# #+#
#.# #..?..# #.# #.#
#.....### # #.####### #.#
#........ ###.......# #.#
#.#.#.###


You could see namelastname112's ghost.

Vanquished Creatures
  Sigmund (D:2)
  3 ogres
  A phantom (D:6)
  2 centaurs
  2 giant frogs
  A howler monkey (D:6)
  2 crimson imps (D:5)
  A quasit (D:5)
  3 jellies
  2 orc priests
  2 hounds (D:6)
  5 orc wizards
  Jessica (D:2)
  3 iguanas
  Natasha (thrice) (D:2)
  Terence (D:2)
  4 worker ants
  4 adders
  An ooze (D:6)
  An adder skeleton (D:4)
  4 adder zombies
  5 giant geckos
  8 orcs
  7 giant cockroaches
  9 goblins
  4 hobgoblins
  17 jackals
  A quokka (D:2)
  A ball python (D:2)
  9 bats
  A giant cockroach zombie (D:5)
  4 giant newts
  A jackal skeleton (D:4)
  6 kobolds
  5 rats
125 creatures vanquished.

Notes
Turn   | Place    | Note
--------------------------------------------------------------
     0 | D:1      | Moloch the Demigod Fighter began the quest for the Orb.
     0 | D:1      | Reached XP level 1. HP: 18/18 MP: 3/3
    30 | D:1      | Reached skill level 2 in Unarmed Combat
   349 | D:1      | Reached XP level 2. HP: 20/25 MP: 4/4
   946 | D:1      | Reached skill level 3 in Unarmed Combat
  1058 | D:2      | Noticed Terence
  1650 | D:2      | Reached XP level 3. HP: 30/30 MP: 5/5
  1810 | D:2      | Noticed Natasha
  1813 | D:2      | Killed Natasha
  1813 | D:2      | Reached skill level 4 in Unarmed Combat
  1894 | D:2      | Noticed Natasha
  1906 | D:2      | Killed Natasha
  1906 | D:2      | Reached XP level 4. HP: 37/37 MP: 6/6
  1937 | D:2      | Noticed Sigmund
  2018 | D:3      | Found a snail-covered altar of Cheibriados.
  2087 | D:3      | Reached skill level 5 in Unarmed Combat
  2275 | D:3      | Noticed a giant frog
  2282 | D:3      | Killed a giant frog
  2282 | D:3      | Reached XP level 5. HP: 35/42 MP: 7/7
  2560 | D:2      | Killed Sigmund
  2560 | D:2      | Reached skill level 6 in Unarmed Combat
  2560 | D:2      | Reached XP level 6. HP: 32/50 MP: 8/8
  2763 | D:2      | Found a faded altar to an unknown god.
  2789 | D:2      | Noticed Jessica
  2799 | D:2      | Killed Jessica
  2862 | D:2      | Noticed Natasha
  2873 | D:2      | Killed Natasha
  2969 | D:2      | Killed Terence
  3044 | D:3      | Reached skill level 7 in Unarmed Combat
  3209 | D:3      | Found a basalt altar of Yredelemnul.
  4009 | D:4      | Reached XP level 7. HP: 56/56 MP: 9/9
  4254 | D:5      | Entered Level 5 of the Dungeon
  4675 | D:5      | Reached skill level 8 in Unarmed Combat
  5139 | D:5      | Found Uliabeimer's Jewellery Shop.
  5147 | D:5      | Reached skill level 9 in Unarmed Combat
  5245 | D:5      | Found a sparkling altar of Nemelex Xobeh.
  5266 | D:5      | Reached XP level 8. HP: 62/62 MP: 10/10
  5803 | D:6      | Reached skill level 10 in Unarmed Combat
  6210 | D:6      | Noticed namelastname112's ghost (novice DrTm)
  6230 | D:6      | Killed from afar by namelastname112's ghost

Vault maps used:
D:1:      dpeg_arrival_prison
D:2:      ecumenical_altar_1, nicolae_underground_beach, uniq_natasha,
          uniq_terence, uniq_jessica, uniq_sigmund
D:3:      overflow_temple_1_default, first_bread, cheibriados_altar_1
D:5:      nemelex_deck, serial_shops, shop
D:6:      nicolae_whirlpool, nemelex_spade_bored_becter

Skill      XL: |  1  2  3  4  5  6  7  8 |
---------------+-------------------------+-----
Unarmed Combat | 2 3 4 5 6 7 9 10 | 10.4
Fighting       | |  2.6
Armour         | |  2.6
Shields        | |  2.6

Action                   |  1- 3 |  4- 6 |  7- 9 || total
-------------------------+-------+-------+-------++-------
Melee: Unarmed           |   158 |   158 |   221 ||   537
       Punch             |     1 |     4 |     9 ||    14
Throw: Tomahawk          |     1 |     1 |     2 ||     4
Evoke: Club              |       |       |     3 ||     3
  Use: Scroll            |       |       |     9 ||     9
  Eat: Chunk             |     3 |     7 |     7 ||    17
Armor: Scale mail        |    74 |    53 |    79 ||   206
       Chain mail        |       |       |    11 ||    11
Dodge: Dodged            |    89 |    65 |    84 ||   238
